 Dungeon Crawl Stone Soup version 0.30.1-11-g7821555f0a (webtiles) character file.

Game seed: 371864997713650885

65104 booth the Severer (level 14, -13/135 HPs)
             Began as a Minotaur Fighter on Jan 8, 2024.
             Was an Elder of Makhleb.
             Killed by divine providence
             ... invoked by a smoke demon
             ... summoned by an orc high priest
              (15 damage)
             ... on level 2 of the Orcish Mines on Jan 9, 2024.
             The game lasted 02:02:34 (20266 turns).

booth the Severer (Minotaur Fighter)               Turns: 20266, Time: 02:02:35

Health: -13/135    AC: 21    Str: 24    XL:     14   Next: 74%
Magic:  15/15      EV: 24    Int:  9    God:    Makhleb [****..]
Gold:   1267       SH:  0    Dex: 10    Spells: 13/13 levels left

rFire   . . .        z - +9 battleaxe of Hybopohe {speed, +Blink Int+2 SInv}
rCold   . . .        (shield currently unavailable)
rNeg    + . .        y - +2 chain mail {rN+}
rPois   .            B - +2 hat
rElec   .            E - scarf {repulsion}
rCorr   +            k - +1 pair of gloves
SInv    +            L - +0 pair of boots
Will    +....        F - amulet of the acrobat Stlth
                     i - ring of resist corrosion
HPRegen 0.42/turn    w - ring of see invisible
MPRegen 0.14/turn

%: repel missiles, acrobat
@: acrobatic
A: horns 2, retaliatory headbutt
a: Renounce Religion, Evoke Blink, Minor Destruction, Lesser Servant of Makhleb,
Major Destruction


You were on level 2 of the Orcish Mines.
You worshipped Makhleb.
Makhleb was greatly pleased with you.
You visited 4 branches of the dungeon, and saw 18 of its levels.

You collected 2152 gold pieces.
You spent 885 gold pieces at shops.

Inventory:

Hand Weapons
 a - a +0 spectral war axe
 z - the +9 battleaxe of Hybopohe (weapon) {speed, +Blink Int+2 SInv}
   (You acquired it on level 8 of the Dungeon)

   Int:       It affects your intelligence (+2).
   SInv:      It lets you see invisible.
   +Blink:    It lets you blink.
 C - a +4 war axe
 D - a +7 flail
Missiles
 g - 9 boomerangs (quivered)
 j - 15 poisoned darts
 o - 3 throwing nets
 Q - 5 silver boomerangs
Armour
 b - a +2 chain mail of cold resistance
 c - a +0 buckler
 k - a +1 pair of gloves (worn)
 y - a +2 chain mail of positive energy (worn)
 B - a +2 hat (worn)
 E - a scarf of repulsion (worn)
 L - a +0 pair of boots (worn)
Jewellery
 i - a ring of resist corrosion (left hand)
 n - a ring of wizardry
 w - a ring of see invisible (right hand)
 x - a ring of willpower
 F - an amulet of the acrobat (around neck)
 I - a ring of ice
Wands
 f - a wand of light (14)
 t - a wand of iceblast (1)
 H - a wand of flame (20)
 J - a wand of polymorph (3)
 O - a wand of paralysis (7)
Scrolls
 p - 3 scrolls of poison
 q - 8 scrolls of teleportation
 u - 5 scrolls of amnesia
 A - 4 scrolls of fog
 G - 2 scrolls of blinking
 M - 2 scrolls of identify
 P - a scroll of butterflies
 R - a scroll of magic mapping
Potions
 d - a potion of might
 e - 2 potions of lignification
 h - 2 potions of mutation
 l - 4 potions of flight
 m - 8 potions of curing
 s - 2 potions of haste
 v - a potion of invisibility
 K - 3 potions of resistance


   Skills:
 + Level 15.3 Fighting
 + Level 20.3 Axes
 + Level 10.7 Throwing
 + Level 13.2 Armour
 - Level 12.9 Shields
 + Level 3.7 Invocations


You had 13 spell levels left.
You didn't know any spells.
Your spell library contained the following spells:

 Spells                   Type           Power      Damage    Failure   Level
 Apportation              Tloc           0%         N/A       83%         1
 Magic Dart               Conj           0%         1d3       83%         1
 Necrotise                Necr           0%         1d4       83%         1
 Sandblast                Erth           0%         2d4       83%         1
 Summon Small Mammal      Summ           0%         N/A       83%         1
 Blink                    Tloc           0%         N/A       92%         2
 Call Imp                 Summ           0%         N/A       92%         2
 Lesser Beckoning         Tloc           0%         N/A       92%         2
 Momentum Strike          Conj/Tloc      0%         3d8       92%         2
 Passwall                 Tmut/Erth      0%         N/A       92%         2
 Gell's Gravitas          Tloc           0%         N/A       99%         3
 Mephitic Cloud           Conj/Pois/Air  0%         N/A       99%         3
 Stone Arrow              Conj/Erth      0%         3d7       99%         3
 Teleport Other           Tloc           0%         N/A       99%         3
 Summon Forest            Summ/Tloc      0%         N/A       100%        5
 Eringya's Noxious Bog    Tmut/Pois      0%         N/A       100%        6
 Summon Hydra             Summ           0%         N/A       100%        7


Dungeon Overview and Level Annotations

Branches:
Dungeon (10/15)            Temple (1/1) D:6            Lair (5/5) D:10
  Swamp (0/4) Lair:2       Spider (0/4) Lair:3        Slime (0/5) Lair:4
    Orc (2/2) D:10            Elf (0/3) Orc:2

Altars:
Ashenzari
Cheibriados
Dithmenos
Elyvilon
Fedhas
Gozag
Hepliaklqana
Kikubaaqudgha
Makhleb
Nemelex Xobeh
Okawaru
Qazlal
Ru
Sif Muna
Trog
Uskayaw
Vehumet
Wu Jian
Xom
Yredelemnul
Zin
The Shining One
Jiyva

Shops:
D:2 [   D:7 ::!?!   Orc:2 *(((

Portals:
Trove: D:10 (give 15 scrolls of teleportation)

Annotations:
D:6 3 runed translucent doors, zazaan's ghost, novice MiGl
Lair:1 3 runed translucent doors, laqueoix's ghost, novice MiFi
Lair:2 3 runed translucent doors, hawla's ghost, journeyman DrCj


Innate Abilities, Weirdness & Mutations

You have a pair of horns on your head.
You reflexively headbutt those who attack you in melee.


Message History

The orc priest no longer looks unusually strong.
The orc warrior no longer looks unusually strong.
The orc high priest invokes the aid of Beogh against you.
Beogh smites you!
* * * LOW HITPOINT WARNING * * *
The orc wizard attacks as you move away!
The orc wizard closely misses you. You furiously retaliate!
You headbutt the orc wizard.
An orc sorcerer comes into view. It is wielding a +0 dagger of venom.
The orc sorcerer shouts!
The orc sorcerer no longer looks unusually strong.
The orc high priest no longer looks unusually strong.
The orc wizard gestures at you while chanting.
The magic dart hits you.
* * * LOW HITPOINT WARNING * * *
The orc sorcerer no longer looks unusually strong.
There is an entrance to Qynae's Antique Weapon Emporium here.
The orc high priest prays to Beogh.
The orc sorcerer gestures wildly while chanting.
The orc knight roars a battlecry!
The orc wizard goes into a battle-frenzy!
The orc warrior attacks as you move away!
The orc warrior hits you but does no damage.
The orc wizard shouts!
The orc warrior no longer looks unusually strong.
The orc sorcerer no longer looks unusually strong.
The orc priest calls upon Beogh to heal the orc wizard.
The orc wizard's wounds heal themselves!
The orc wizard misses you. You furiously retaliate!
You headbutt the orc wizard.
The orc sorcerer gestures wildly while chanting.
The orc high priest prays to Beogh.
The neqoxec attacks as you move away! The neqoxec closely misses you.
The orc warrior no longer looks unusually strong.
The orc high priest mumbles some strange prayers to Beogh against you.
Beogh smites you!
* * * LOW HITPOINT WARNING * * *
The orc sorcerer casts a spell.
The smoke demon gestures at you. Beogh smites you!
You die...

# ## #. #. ## ####
###### #####....#
#.##.# ##.....##
#..... ##3o@....# .
#..... #4o#.##...#
.###..#.. ##..#3.## .#
..##..#.. #∩o#4ooo#.
#.##..... #..#o.o...
#.##..... #.#.o3..o..
#.##.....
#.#.4344.#####.##.....
#..........o..).5.....
#.#....4.#####.##43...


You could see an orc knight, a soul eater (summoned), 2 orc high priests, an
orange demon (summoned), a hellwing (summoned), 2 rust devils, a smoke demon
(summoned), 2 neqoxecs, 2 orc sorcerers, a red devil (summoned), 2 orc warriors
and 2 orc wizards.

Vanquished Creatures
  A dire elephant (Lair:5)
  Snorg (Lair:5)
  A fire dragon (Lair:5)
  3 hydras (Lair:5)
  2 centaur warriors (D:8)
  4 two-headed ogres
  A boulder beetle (Lair:5)
  2 catoblepae
  15 death yaks
  An orc high priest (Orc:2)
  5 skysharks
  3 bog bodies (Lair:2)
  3 orc knights
  2 lindwurms (Lair:5)
  A necromancer (Lair:5)
  3 orc sorcerers
  A manticore (Lair:5)
  17 elephants
  An ugly thing (D:8)
  A guardian serpent (shapeshifter) (D:8)
  5 torpor snails (Lair:5)
  6 black mambas
  The ghost of sheffield53 the Trooper, a novice MiBe of Trog (D:5)
  12 cane toads
  3 kobold demonologists
  3 rime drakes
  17 komodo dragons
  14 hornets
  2 trolls
  4 tyrant leeches (Lair:5)
  A dream sheep (Lair:5)
  4 basilisks
  9 wyverns
  Grum (D:8)
  22 yaks
  A steam dragon (D:6)
  An acid dragon (D:10)
  3 wargs
  13 water moccasins
  17 orc warriors
  A black bear (Lair:2)
  2 sky beasts
  2 ice beasts
  7 ogres
  10 wolves
  A centaur (D:9)
  A phantom (D:7)
  6 bullfrogs
  8 scorpions
  6 wights
  11 killer bees
  2 electric eels (Lair:2)
  5 howler monkeys
  2 gnoll boudas
  15 orc priests
  3 hounds
  5 iguanas
  15 orc wizards
  3 polar bear simulacra (Lair:5)
  6 yak simulacra (Lair:5)
  A wolf simulacrum (Lair:5)
  5 adders
  23 gnolls
  6 shadow imps
  4 white imps
  3 ufetubi
  5 worms
  74 orcs
  4 endoplasms
  8 giant cockroaches
  7 hobgoblins
  3 jackals (D:3)
  6 kobolds
  2 quokkas (D:4)
  4 ball pythons
  3 bats
  A frilled lizard (D:1)
  7 goblins
  7 rats
  A river rat simulacrum (Lair:5)
492 creatures vanquished.

Vanquished Creatures (collateral kills)
  A manticore (Lair:5)
  A rime drake (Lair:5)
  A troll (Orc:1)
  An orc warrior (Orc:2)
  6 orcs
10 creatures vanquished.

Grand Total: 502 creatures vanquished

Notes
Turn   | Place    | Note
-------+----------+-------------------------------------------
     0 | D:1      | booth the Minotaur Fighter began the quest for the Orb.
     0 | D:1      | Reached XP level 1. HP: 19/19 MP: 0/0
   283 | D:1      | Reached XP level 2. HP: 27/27 MP: 1/1
   349 | D:1      | Reached skill level 3 in Axes
   892 | D:2      | Reached XP level 3. HP: 33/33 MP: 2/2
   910 | D:2      | Reached skill level 4 in Axes
   917 | D:2      | Reached XP level 4. HP: 31/41 MP: 3/3
  1075 | D:2      | Found Xuexarec's Antique Armour Emporium.
  1083 | D:2      | Bought a pair of gloves for 94 gold pieces
  1311 | D:3      | Reached skill level 5 in Axes
  1522 | D:3      | Reached XP level 5. HP: 18/47 MP: 4/4
  1673 | D:3      | Reached skill level 5 in Fighting
  1910 | D:3      | Identified the +11 sling of Plog {flame, rN+}
  2021 | D:3      | Found an ornate altar of the Wu Jian Council.
  2132 | D:4      | Noticed a sky beast
  2145 | D:4      | Killed a sky beast
  2146 | D:4      | Reached skill level 6 in Axes
  2146 | D:4      | Reached XP level 6. HP: 35/56 MP: 5/5
  2490 | D:4      | Reached skill level 7 in Axes
  2956 | D:4      | Reached XP level 7. HP: 55/63 MP: 6/6
  3246 | D:2      | Bought a runed chain mail for 157 gold pieces
  3352 | D:5      | Entered Level 5 of the Dungeon
  3458 | D:5      | Reached skill level 8 in Axes
  3467 | D:5      | Identified the +1 scale mail "Cirgh" {Regen+ Str+3}
  3593 | D:5      | Found a runed translucent door.
  3604 | D:5      | Noticed sheffield53's ghost (novice MiBe)
  3765 | D:5      | Reached skill level 9 in Axes
  4065 | D:6      | Reached XP level 8. HP: 67/73 MP: 7/7
  4161 | D:6      | Found a broken altar of Ashenzari.
  4233 | D:6      | Reached skill level 10 in Axes
  4308 | D:6      | Found a runed translucent gate.
  4308 | D:6      | Found a runed translucent gate.
  4308 | D:6      | Found a runed translucent gate.
  4310 | D:6      | Noticed zazaan's ghost (novice MiGl)
  4550 | D:6      | Found a sparkling altar of Nemelex Xobeh.
  4589 | D:6      | Found a staircase to the Ecumenical Temple.
  4600 | Temple   | Entered the Ecumenical Temple
  4974 | D:5      | Killed sheffield53's ghost
  4975 | D:5      | Reached skill level 11 in Axes
  5205 | D:7      | Found Rahudoed's Distillery.
  5215 | D:7      | Bought a potion of curing for 36 gold pieces
  5215 | D:7      | Bought a potion of curing for 36 gold pieces
  5340 | D:7      | Found Qilobeyn's Magic Scroll Shoppe.
  5348 | D:7      | Bought a scroll of identify for 30 gold pieces
  5348 | D:7      | Bought a scroll of identify for 30 gold pieces
  5416 | D:7      | Reached XP level 9. HP: 82/82 MP: 8/8
  5433 | D:7      | Found Paguet's Book Emporium.
  5510 | D:7      | Found Pemnulux's Distillery.
  5668 | D:7      | Found Vaozil's Book Shop.
  5841 | D:8      | Reached skill level 12 in Axes
  6018 | D:8      | Reached skill level 1 in Throwing
  6110 | D:8      | Identified 3 scrolls of acquirement
  6112 | D:8      | Acquired a +2 hat
  6125 | D:8      | Acquired a manual of Axes
  6134 | D:8      | Acquired the +9 battleaxe of Hybopohe {speed, +Blink Int+2
                  | SInv}
  6353 | D:8      | Found a sacrificial altar of Ru.
  6394 | D:8      | Reached skill level 5 in Armour
  6394 | D:8      | Reached skill level 5 in Shields
  6396 | D:8      | Noticed Grum
  6405 | D:8      | Killed Grum
  6489 | D:8      | Noticed a kobold demonologist
  6493 | D:8      | Reached skill level 10 in Fighting
  6500 | D:8      | Killed a kobold demonologist
  6501 | D:8      | Reached skill level 13 in Axes
  6501 | D:8      | Reached XP level 10. HP: 82/93 MP: 9/9
  6702 | D:8      | Noticed a centaur warrior
  6708 | D:8      | Killed a centaur warrior
  6806 | D:8      | Noticed a centaur warrior
  6806 | D:8      | Noticed a purple ugly thing
  6811 | D:8      | Noticed a deep troll
  6815 | D:8      | Killed a centaur warrior
  6958 | D:8      | Killed a purple ugly thing
  6959 | D:8      | Reached skill level 14 in Axes
  7064 | D:8      | Noticed a guardian serpent
  7075 | D:8      | Killed a guardian serpent
  7462 | D:9      | Noticed a two-headed ogre
  7479 | D:9      | Killed a two-headed ogre
  7680 | D:9      | Reached skill level 5 in Throwing
  7898 | D:9      | Reached XP level 11. HP: 102/102 MP: 10/10
  7977 | D:9      | Found a hide-covered altar of Uskayaw.
  7977 | D:9      | Found a shimmering altar of Xom.
  7985 | D:9      | Found an opulent altar of Gozag.
  7986 | D:9      | Found a hazy altar of Hepliaklqana.
  7986 | D:9      | Found a white marble altar of Elyvilon.
  7986 | D:9      | Found an ancient bone altar of Kikubaaqudgha.
  7986 | D:9      | Found a stormy altar of Qazlal.
  7986 | D:9      | Found a shimmering blue altar of Sif Muna.
  7987 | D:9      | Found a burning altar of Makhleb.
  7988 | D:9      | Found a shadowy altar of Dithmenos.
  7989 | D:9      | Found an iron altar of Okawaru.
  7999 | D:9      | Became a worshipper of Makhleb the Destroyer
  8324 | D:10     | Entered Level 10 of the Dungeon
  8324 | D:10     | Found a staircase to the Orcish Mines.
  8331 | D:10     | Noticed a two-headed ogre
  8341 | D:10     | Killed a two-headed ogre
  8456 | D:10     | Reached skill level 15 in Axes
  8540 | D:10     | Reached * piety under Makhleb
  8614 | D:10     | Found a basalt altar of Yredelemnul.
  8679 | D:10     | Found a portal to a secret trove of treasure.
  8807 | D:7      | Bought a scroll of teleportation for 45 gold pieces
  8807 | D:7      | Bought a scroll of blinking for 112 gold pieces
  9020 | D:10     | Found a flagged portal.
  9186 | D:10     | Noticed a two-headed ogre
  9188 | D:10     | Found a staircase to the Lair.
  9196 | D:10     | Killed a two-headed ogre
  9728 | Lair:1   | Entered Level 1 of the Lair of Beasts
  9810 | Lair:1   | Paralysed by a hornet for 1 turns
 10117 | Lair:1   | Reached skill level 16 in Axes
 10887 | Lair:1   | Found a runed translucent gate.
 10887 | Lair:1   | Found a runed translucent gate.
 10887 | Lair:1   | Found a runed translucent gate.
 10889 | Lair:1   | Noticed laqueoix's ghost (novice MiFi)
 11098 | Lair:2   | Noticed a catoblepas
 11112 | Lair:2   | Reached XP level 12. HP: 113/113 MP: 11/11
 11131 | Lair:2   | Reached ** piety under Makhleb
 11635 | Lair:2   | Noticed a death yak
 11637 | Lair:2   | Noticed a death yak
 11644 | Lair:2   | Noticed a death yak
 11644 | Lair:2   | Noticed a death yak
 11645 | Lair:2   | Noticed a death yak
 11651 | Lair:2   | Killed a death yak
 11655 | Lair:2   | Killed a death yak
 11656 | Lair:2   | Reached skill level 17 in Axes
 11656 | Lair:2   | Reached skill level 10 in Armour
 11659 | Lair:2   | Killed a death yak
 11660 | Lair:2   | Reached skill level 10 in Shields
 11663 | Lair:2   | Killed a death yak
 11669 | Lair:2   | Killed a death yak
 11969 | Lair:2   | Killed a catoblepas
 12037 | Lair:2   | Found a runed translucent gate.
 12038 | Lair:2   | Found a runed translucent gate.
 12038 | Lair:2   | Found a runed translucent gate.
 12043 | Lair:2   | Noticed hawla's ghost (journeyman DrCj)
 12043 | Lair:2   | Noticed a 13-headed hydra
 12044 | Lair:2   | Noticed an 11-headed hydra
 12240 | Lair:2   | Found a staircase to the Swamp.
 12829 | Lair:3   | Found a hole to the Spider Nest.
 13031 | Lair:3   | Reached XP level 13. HP: 43/122 MP: 12/12
 13399 | Lair:3   | Reached skill level 18 in Axes
 13772 | Lair:3   | Reached *** piety under Makhleb
 14556 | Lair:4   | Found a staircase to the Slime Pits.
 14557 | Lair:4   | Found a viscous altar of Jiyva.
 14899 | D:7      | Bought a potion of heal wounds for 75 gold pieces
 14899 | D:7      | Bought a potion of resistance for 150 gold pieces
 14937 | D:7      | Bought 2 potions of heal wounds for 120 gold pieces
 15615 | Lair:4   | Reached skill level 19 in Axes
 16174 | Lair:5   | Entered Level 5 of the Lair of Beasts
 16707 | Lair:5   | Noticed a dire elephant
 16721 | Lair:5   | Killed a dire elephant
 16729 | Lair:5   | Reached XP level 14. HP: 121/133 MP: 13/13
 16935 | Lair:5   | Reached **** piety under Makhleb
 17089 | Lair:5   | Found a runed translucent door.
 17127 | Lair:5   | Reached skill level 10 in Throwing
 17160 | Lair:5   | Paralysed by a hornet for 2 turns
 17174 | Lair:5   | Reached skill level 1 in Invocations
 17424 | Lair:5   | Noticed Snorg
 17439 | Lair:5   | Killed Snorg
 17457 | Lair:5   | Reached skill level 15 in Fighting
 17617 | Lair:5   | Reached skill level 20 in Axes
 18757 | Orc:1    | Entered Level 1 of the Orcish Mines
 19493 | Orc:2    | Entered Level 2 of the Orcish Mines
 19667 | Orc:2    | Reached ***** piety under Makhleb
 19977 | Orc:2    | Found a staircase to the Elven Halls.
 20149 | Orc:2    | Found Texkiurph's Antique Weapon Emporium.
 20232 | Orc:2    | HP: 2/135 [orc priest/divine providence (15)]
 20242 | Orc:2    | Found Laumaaqa's Weapon Shop.
 20251 | Orc:2    | Found Enil's Assorted Antiques.
 20254 | Orc:2    | Found Qynae's Antique Weapon Emporium.
 20266 | Orc:2    | HP: 2/135 [orc high priest/divine providence (11)]
 20266 | Orc:2    | Killed from afar by a smoke demon

Illustrated notes

Levels and vault maps discovered:
D:1:      eino_arrival_druids_welcome, layout_basic
D:2:      layout_basic, serial_shops, shop, st_stairs_1
D:3:      layout_loops_cross, mainiacjoe_overflow_paths
D:4:      layout_loops_corners, minmay_misc_feat_tower
D:5:      layout_basic, hellmonk_ghost_happy_afterlife, minmay_checkerbox
D:6:      layout_loops_ring, mainiacjoe_overflow_alcove_1,
          nemelex_diamond_rough_becter, temple_green,
          gammafunk_ghost_necromancy, feat_on_display
D:7:      layout_basic, serial_shops, shop, shop, nicolae_shop_stone,
          nicolae_shop_rolling_square, shop
D:8:      layout_cave_pools, nicolae_ru_path_of_blood, minmay_pinched_square,
          uniq_grum
D:9:      layout_basic, minitemple
D:10:     layout_long_grid, amcnicky_altar_gilded, erik_lair_dragon,
          david_orc_3, enter_bailey_4, enter_trove_3
Temple:   hellmonk_temple_two_chambers
Lair:1:   layout_cave_shapes, ebering_ghost_rock_garden, serial_bayou_pond_d,
          dreamdust_wasp_nest, serial_bayou_shore_b
Lair:2:   layout_cave_pods, nicolae_swamp_entry_splash_gauntlet,
          gammafunk_ghost_hydra_chop, nicolae_lair_grazing_beasts
          [nicolae_sub_lair_graze_edge, nicolae_sub_lair_graze_edge,
          nicolae_sub_lair_graze_edge, nicolae_sub_lair_graze_edge],
          serial_bayou_shore_a, infiniplex_staircase_pool, lemuel_fruit_tree
Lair:3:   layout_gridlike, nicolae_spider_entry_non_spiders, grunt_megastairs_4
Lair:4:   layout_cave_pods, slime_entry_1
Lair:5:   hangedman_lair_in_review, layout_concentric_octagons, wormcave,
          eino_house_with_fridge, uniq_snorg
Orc:1:    layout_caves, basic_altar, minmay_orc_temple_b
Orc:2:    st_orc_elflike, layout_diamond_mine

Skill      XL: |  1  2  3  4  5  6  7  8  9 10 11 12 13 14 |
---------------+-------------------------------------------+-----
Fighting       | 4 5 6 7 8 10 11 12 13 14 15 | 15.3
Axes           | 3 4 5 6 7 9 11 13 14 16 17 19 20 | 20.3
Armour         | 5 7 9 10 12 13 | 13.2
Shields        | 5 7 9 10 12 | 12.9
Throwing       | 3 5 6 8 9 10 | 10.7
Invocations    | 3 |  3.7

Action                     |  1- 3 |  4- 6 |  7- 9 | 10-12 | 13-15 || total
---------------------------+-------+-------+-------+-------+-------++-------
  Melee: War axe           |    40 |    98 |   161 |    96 |       ||   395
         Headbutt          |     4 |    13 |    26 |    78 |   133 ||   254
         Battleaxe         |       |       |       |   266 |   446 ||   712
         Flail             |       |       |       |       |   108 ||   108
  Throw: Dart              |       |     9 |       |    38 |    22 ||    69
         Boomerang         |       |       |       |       |    16 ||    16
 Invoke: Lesser Servant of |       |       |       |       |     9 ||     9
         Minor Destruction |       |       |       |       |     2 ||     2
         Major Destruction |       |       |       |       |     4 ||     4
         Greater Servant o |       |       |       |       |     1 ||     1
    Use: Scroll            |     3 |     3 |    10 |    10 |     4 ||    30
         Potion            |     1 |       |       |     6 |     3 ||    10
   Stab: Distracted        |       |       |     2 |     1 |     2 ||     5
         Invisible         |       |       |       |     6 |       ||     6
         Petrified         |       |       |       |     4 |     2 ||     6
 Armour: Scale mail        |     9 |    40 |     1 |       |       ||    50
         Chain mail        |       |       |    61 |   141 |   189 ||   391
  Dodge: Dodged            |    13 |    31 |    37 |   127 |   241 ||   449
         Repelled          |       |       |       |       |     1 ||     1
  Block: Buckler           |    13 |    10 |    24 |    18 |       ||    65
